 Dungeon Crawl Stone Soup version 0.16-a0-3324-g17cee38 (webtiles) character file.

35520 Minkie the Bludgeoner (level 13, -19/102 HPs)
             Began as a Minotaur Fighter on Dec 26, 2014.
             Was a High Priest of the Shining One.
             Killed from afar by a Brimstone Fiend (50 damage)
             ... with a blast of hellfire
             ... summoned by a deep elf demonologist
             ... on level 1 of the Elven Halls.
             The game lasted 01:32:57 (17001 turns).

Minkie the Bludgeoner (Minotaur Fighter)           Turns: 17001, Time: 01:32:57

Health: -19/102    AC: 27    Str: 20    XL:     13   Next: 48%
Magic:  5/5        EV:  9    Int:  7    God:    the Shining One [*****.]
Gold:   224        SH: 21    Dex: 16    Spells: 0 memorised, 12 levels left

rFire  + . .     SeeInvis .     c - +2 morningstar (crush)
rCold  x . .     Clarity  .     w - +0 plate armour {MR+}
rNeg   + + .     SustAb   .     y - +2 large shield
rPois  .         Gourm    .     (helmet restricted)
rElec  .         Spirit   .     b - +2 cloak {MR+}
rCorr  .         Warding  .     A - +2 pair of gloves
rMut   .         Stasis   .     t - +2 pair of boots {run}
MR     +++..                    (no amulet)
Stlth  ..........               s - ring of protection from magic
                                O - ring "Crejidwe" {Fire Slay+5}

@: glowing, quick, extremely resistant to hostile enchantments, extremely
unstealthy
A: retaliatory headbutt, horns 2, clever 1, sense surroundings 1
a: Divine Shield, Cleansing Flame, Summon Divine Warrior, Renounce Religion


You were on level 1 of the Elven Halls.
You worshipped the Shining One.
The Shining One was extremely pleased with you.
You were not hungry.

You visited 5 branches of the dungeon, and saw 20 of its levels.
You also visited: Sewer.

You collected 1977 gold pieces.
You spent 1753 gold pieces at shops.

Inventory:

Hand weapons
 c - a +2 morningstar of crushing (weapon)
Missiles
 n - 38 tomahawks
 v - 5 silver tomahawks (quivered)
 C - 3 tomahawks of returning
Armour
 b - a +2 cloak of magic resistance (worn)
 t - a +2 pair of boots of running (worn)
 w - a +0 plate armour of magic resistance (worn)
 y - a +2 large shield (worn)
 A - a +2 pair of gloves (worn)
 M - a +0 fire dragon armour
Jewellery
 e - an uncursed ring of ice
 j - a +2 ring of dexterity
 o - an uncursed ring of flight
 r - an uncursed amulet of resist mutation
 s - a ring of protection from magic (right hand)
 L - an uncursed ring of stealth
 O - the ring "Crejidwe" (left hand) {Fire Slay+5}
   (You bought it in a shop on level 4 of the Orcish Mines)

   [ring of fire]

   It enhances your fire magic, and weakens your ice magic.
   It affects your accuracy and damage with ranged weapons and melee attacks
   (+5).
   It protects you from fire.
   It makes you vulnerable to cold.
 P - an uncursed amulet of clarity {unknown}
Magical devices
 I - a wand of fireball (3)
Scrolls
 f - 9 scrolls of enchant weapon
 h - a scroll of summoning
 m - 3 scrolls of blinking
 p - a scroll of magic mapping
 q - 3 scrolls of remove curse
 x - 4 scrolls of identify
 z - a scroll of fog
 J - a scroll of enchant armour
Potions
 a - 2 potions of heal wounds
 g - 2 potions of restore abilities
 i - 4 potions of agility
 k - a potion of cancellation
 l - 2 potions of resistance
 B - 2 potions of haste
 E - 5 potions of curing
 F - 2 potions of flight
Books
 u - a book of Cantrips

   Spells                             Type                      Level
   a - Corona                         Hexes                        1
   b - Animate Skeleton               Necromancy                   1
   c - Summon Small Mammal            Summoning                    1
   d - Apportation                    Translocation                1
 H - a book of the Earth

   Spells                             Type                      Level
   a - Leda's Liquefaction            Hexes/Earth                  4
   b - Bolt of Magma                  Conjuration/Fire/Earth       5
   c - Statue Form                    Transmutation/Earth          6
   d - Iron Shot                      Conjuration/Earth            6
   e - Shatter                        Earth                        9
Miscellaneous
 K - a sack of spiders
Comestibles
 d - 12 bread rations
 D - a beef jerky
 G - 2 meat rations
 N - a chunk of flesh


   Skills:
 + Level 5.8 Fighting
 - Level 16.0 Maces & Flails
 * Level 13.9 Armour
 + Level 9.1 Dodging
 * Level 13.9 Shields


You had 12 spell levels left.
You didn't know any spells.

Dungeon Overview and Level Annotations

Branches:
Dungeon (13/15)            Temple (1/1) D:6            Lair (1/8) D:9
    Orc (4/4) D:11            Elf (1/3) Orc:4
 Vaults: D:13-14

Altars:
Ashenzari
Cheibriados
Dithmenos
Elyvilon
Fedhas
Gozag
Kikubaaqudgha
Makhleb
Nemelex Xobeh
Okawaru
Qazlal
Ru
Sif Muna
Trog
Vehumet
Xom
Yredelemnul
Zin
The Shining One
Beogh

Shops:
D:11 [(   Orc:1 =   Orc:2 !   Orc:4 =(*[


Innate Abilities, Weirdness & Mutations

You reflexively headbutt those who attack you in melee.
You have a pair of horns on your head.
Your mind is acute. (Int +2)
You passively map a small area around you.


Message History

You hit the Brimstone Fiend.
You headbutt the Brimstone Fiend, but do no damage.
The Brimstone Fiend is heavily wounded.
The Brimstone Fiend calls on the powers of darkness!
The deep elf demonologist convulses!
Your body is wracked with pain!
You sock the Brimstone Fiend! You headbutt the Brimstone Fiend.
The Brimstone Fiend is severely wounded.
The Brimstone Fiend calls on the powers of darkness!
Your body is wracked with pain!
* * * LOW HITPOINT WARNING * * *
The Brimstone Fiend gestures at you.
The hellfire explodes!
The blast of hellfire engulfs you! The Shining One protects you from harm!
Things that are here:
a shortbow; an uncursed long sword; 13 arrows A deep elf conjurer comes into view.
It is wielding a long sword of flaming.
The deep elf conjurer shouts!
The Brimstone Fiend gestures at you.
The hellfire explodes!
The blast of hellfire engulfs you!
You die...

####r##.#...##..#
##.##...###P.......,
###...##.#...#...$
#.......##e..# ...
##........#2..#. .
##..........###.# , ,
#........e2..#..# . *
##........1##.#.##.#
#........@#####.###.
#.................#
#..#..............#
##.###......().....# ,
##.#...#......(.....# .#
#.##...##...........#....
##.#...#.......(.........#
##.###.............#....#
##.#.#.##.........#.# .# .


You could see a Brimstone Fiend, a blizzard demon, a shadow demon, a deep elf
demonologist and a deep elf conjurer.

Vanquished Creatures
  An orc warlord (Orc:4)
  Azrael (Elf:1)
  Fannar (D:11)
  A hydra (D:11)
  2 orc high priests
  A tengu warrior (D:13)
  Nergalle (Orc:2)
  An unseen horror (shapeshifter) (D:12)
  3 deep elf summoners (Elf:1)
  2 unseen horrors
  2 hill giants
  An ugly thing (D:12)
  3 orc knights
  A cyclops (D:13)
  2 orc sorcerers (Orc:4)
  2 deep elf conjurers (Elf:1)
  2 manticores (D:12)
  Maurice (Orc:2)
  A centaur zombie (D:11)
  A gargoyle (D:13)
  A demonic crawler (Elf:1)
  11 trolls
  A tengu conjurer (D:13)
  A komodo dragon (D:12)
  The ghost of Minkie the Ruffian, an average TrHu of Okawaru (D:5)
  A deep elf priest (Elf:1)
  Sonja (Orc:2)
  A jumping spider (Elf:1)
  A trapdoor spider zombie (D:12)
  5 slime creatures (D:11)
  A raven (D:13)
  5 two-headed ogres
  4 tarantellas (Elf:1)
  4 redbacks (Elf:1)
  A hungry ghost (D:4)
  10 yaks
  Eustachio (Orc:1)
  A wyvern (D:11)
  5 deep elf magi
  2 hippogriffs
  3 wargs
  4 deep elf fighters (Elf:1)
  A soldier ant (D:13)
  A water moccasin (D:12)
  4 porcupines (D:12)
  A small abomination (Elf:1)
  4 hell hounds (Elf:1)
  2 phantoms (D:6)
  3 ice beasts
  31 orc warriors
  A sky beast (D:8)
  8 ogres
  5 centaurs
  Duvessa (D:8)
  4 giant frogs
  3 big kobolds
  4 scorpions
  17 killer bees
  10 wights
  Dowan (D:8)
  4 crimson imps
  4 hounds
  6 jellies
  4 centaur skeletons
  2 giant frog skeletons
  A quasit (D:11)
  20 orc wizards
  2 hell rats (Elf:1)
  17 orc priests
  4 iguanas
  8 worker ants
  3 sheep (D:13)
  A hound zombie (D:10)
  A hound skeleton (D:6)
  A mummy (D:10)
  2 worker ant zombies
  Robin (D:2)
  14 adders
  6 shadow imps
  2 river rats (Sewer)
  2 worms (D:3)
  6 giant mites
  An adder zombie (D:6)
  An adder skeleton (D:9)
  2 giant geckos
  3 oozes
  159 orcs
  3 ball pythons
  14 bats
  10 giant cockroaches
  27 goblins
  19 hobgoblins
  6 jackals
  6 quokkas
  A giant newt (D:2)
  3 giant spores
  29 kobolds
  A quokka zombie (D:6)
  17 rats
  10 ballistomycetes
  2 butterflies (D:6)
  2 fungi (Orc:4)
  2 plants (D:12)
625 creatures vanquished.

Vanquished Creatures (others)
  A giant spore (D:6)
  3 plants (D:12)
4 creatures vanquished.

Grand Total: 629 creatures vanquished

Notes
Turn   | Place    | Note
--------------------------------------------------------------
     0 | D:1      | Minkie, the Minotaur Fighter, began the quest for the Orb.
     0 | D:1      | Reached XP level 1. HP: 19/19 MP: 1/1
   178 | D:1      | Reached XP level 2. HP: 24/26 MP: 1/1
   479 | D:2      | Noticed Robin
   488 | D:2      | Reached skill level 4 in Maces & Flails
   492 | D:2      | Killed Robin
   492 | D:2      | Reached XP level 3. HP: 31/31 MP: 2/2
   602 | D:2      | Reached skill level 5 in Maces & Flails
   698 | D:3      | Reached XP level 4. HP: 39/39 MP: 2/2
  1205 | D:2      | Found a deep blue altar of Sif Muna.
  1575 | D:3      | Reached skill level 6 in Maces & Flails
  1771 | D:3      | Reached XP level 5. HP: 39/45 MP: 2/2
  2312 | D:4      | Noticed a hungry ghost
  2324 | D:4      | Killed a hungry ghost
  2324 | D:4      | Reached skill level 7 in Maces & Flails
  2324 | D:4      | Reached XP level 6. HP: 51/51 MP: 3/3
  2546 | D:4      | Reached skill level 8 in Maces & Flails
  2802 | D:4      | Reached skill level 9 in Maces & Flails
  2873 | D:5      | Entered Level 5 of the Dungeon
  2898 | D:5      | Noticed Minkie's ghost (average TrHu)
  2898 | D:5      | Reached XP level 7. HP: 57/57 MP: 3/3
  3125 | D:5      | Killed Minkie's ghost
  3125 | D:5      | Reached skill level 10 in Maces & Flails
  3589 | D:6      | Reached skill level 11 in Maces & Flails
  3710 | D:6      | Reached XP level 8. HP: 53/64 MP: 3/3
  3748 | D:6      | Found a glowing drain.
  3759 | Sewer    | Entered a sewer
  4021 | Sewer    | Found a white marble altar of Elyvilon.
  4259 | D:6      | Found a sacrificial altar of Ru.
  4262 | D:6      | Found a shattered altar of Ashenzari.
  4265 | D:6      | Found a shadowy altar of Dithmenos.
  4286 | D:6      | Found a staircase to the Ecumenical Temple.
  4298 | Temple   | Entered the Ecumenical Temple
  4384 | Temple   | Became a worshipper of the Shining One
  4837 | D:6      | Reached skill level 12 in Maces & Flails
  5176 | D:7      | Found a basalt altar of Yredelemnul.
  5176 | D:7      | Acquired the Shining One's first power
  5255 | D:7      | Reached skill level 13 in Maces & Flails
  5467 | D:7      | Found an opulent altar of Gozag.
  5621 | D:7      | Noticed an unseen horror
  5629 | D:7      | Killed an unseen horror
  5629 | D:7      | Reached skill level 14 in Maces & Flails
  5629 | D:7      | Reached XP level 9. HP: 70/70 MP: 4/4
  5661 | D:7      | Reached skill level 15 in Maces & Flails
  5841 | D:7      | Identified a scroll of acquirement
  5965 | D:8      | Acquired the Shining One's second power
  5987 | D:8      | Noticed Duvessa
  5988 | D:8      | Noticed Dowan
  5994 | D:8      | Killed Duvessa
  6003 | D:8      | Killed Dowan
  6053 | D:8      | Found a shimmering altar of Xom.
  6054 | D:8      | Found a shimmering altar of Xom.
  6055 | D:8      | Found a shimmering altar of Xom.
  6055 | D:8      | Found a shimmering altar of Xom.
  6123 | D:8      | Reached skill level 16 in Maces & Flails
  6380 | D:8      | Reached XP level 10. HP: 77/77 MP: 4/4
  6415 | D:8      | Reached skill level 1 in Dodging
  6757 | D:8      | Got a smoking mace
  6758 | D:8      | Identified the cursed -2 mace of Mourning {crush, *Tele rF++ rN+} (You found it on level 8 of the Dungeon)
  7078 | D:9      | Reached skill level 5 in Shields
  7137 | D:9      | Found a staircase to the Lair.
  7159 | D:9      | Reached skill level 5 in Armour
  7214 | Lair:1   | Entered Level 1 of the Lair of Beasts
  7327 | D:9      | Found a radiant altar of Vehumet.
  7793 | D:10     | Entered Level 10 of the Dungeon
  8945 | D:11     | Found Wurchu's Weapon Shoppe.
  9043 | D:11     | Found a staircase to the Orcish Mines.
  9182 | D:11     | Reached XP level 11. HP: 82/82 MP: 4/4
  9333 | D:11     | Noticed an unseen horror
  9345 | D:11     | Killed an unseen horror
  9381 | D:11     | Noticed a hill giant
  9392 | D:11     | Killed a hill giant
  9481 | D:11     | Found a glowing silver altar of Zin.
  9491 | D:11     | Noticed Fannar
  9509 | D:11     | Killed Fannar
  9509 | D:11     | Reached skill level 5 in Dodging
  9717 | D:11     | Found Ithrit's Antique Armour Shoppe.
  9724 | D:11     | Bought a runed cloak for 135 gold pieces
 10137 | D:11     | Reached skill level 10 in Armour
 10181 | D:11     | Noticed a seven-headed hydra
 10186 | D:11     | Killed a seven-headed hydra
 10186 | D:11     | Reached skill level 10 in Shields
 10591 | Orc:1    | Entered Level 1 of the Orcish Mines
 11000 | Orc:1    | Found Umyutup's Jewellery Boutique.
 11011 | Orc:1    | Acquired the Shining One's third power
 11022 | Orc:1    | Noticed Eustachio
 11033 | Orc:1    | Killed Eustachio
 11640 | Orc:2    | Noticed Nergalle
 11649 | Orc:2    | Killed Nergalle
 11764 | Orc:2    | Noticed Sonja
 11772 | Orc:2    | Killed Sonja
 12156 | Orc:4    | Entered Level 4 of the Orcish Mines
 12302 | Orc:4    | Reached XP level 12. HP: 86/90 MP: 5/5
 12305 | Orc:4    | Noticed an orc warlord
 12305 | Orc:4    | Noticed an orc high priest
 12837 | Orc:3    | Killed an orc high priest
 12973 | Orc:4    | Killed an orc warlord
 13153 | Orc:4    | Found Ziurazu's Jewellery Shoppe.
 13237 | Orc:4    | Found a staircase to the Elven Halls.
 13279 | Orc:4    | Found Zaneiw's Antique Armour Shop.
 13338 | Orc:4    | Bought a pair of glowing boots for 117 gold pieces
 13343 | Orc:4    | Identified a +2 pair of boots of running (You bought it in a shop on level 4 of the Orcish Mines)
 13490 | Orc:4    | Found Churao's General Store.
 13988 | Orc:4    | Bought a potion of beneficial mutation for 525 gold pieces
 13988 | Orc:4    | Bought a scroll of identify for 30 gold pieces
 13989 | Orc:4    | Gained mutation: You evolve. [potion of beneficial mutation]
 14002 | Orc:4    | Noticed an orc high priest
 14027 | Orc:4    | Killed an orc high priest
 14159 | Orc:4    | Bought a scroll of remove curse for 45 gold pieces
 14255 | Orc:4    | Found Furphet's Antique Weapon Shop.
 14530 | Orc:3    | Found a roughly hewn altar of Beogh.
 14781 | Orc:2    | Found Ohequrchit's Distillery.
 14792 | Orc:2    | Noticed Maurice
 14802 | Orc:2    | Killed Maurice
 14963 | D:12     | Lost mutation: You evolve. [end of evolution]
 15091 | D:12     | Found an opulent altar of Gozag.
 15132 | D:12     | Acquired the Shining One's fourth power
 15392 | D:12     | Gained mutation: Your mind is acute. (Int +2) [mutagenic meat]
 15393 | D:12     | Gained mutation: You passively map a small area around you. [mutagenic meat]
 15539 | D:12     | Reached XP level 13. HP: 97/97 MP: 5/5
 16171 | D:13     | Reached skill level 5 in Fighting
 16442 | Orc:4    | Bought the ring "Crejidwe" {Fire Slay+5} for 901 gold pieces
 16465 | Elf:1    | Entered Level 1 of the Elven Halls
 16609 | Elf:1    | Noticed Azrael
 16650 | Elf:1    | Killed Azrael
 16963 | Elf:1    | Noticed a deep elf demonologist
 16969 | Elf:1    | Noticed a Brimstone Fiend
 16996 | Elf:1    | The Shining One protects you from harm!
 17001 | Elf:1    | Killed from afar by a Brimstone Fiend

Action                   |  1- 3 |  4- 6 |  7- 9 | 10-12 | 13-15 || total
-------------------------+-------+-------+-------+-------+-------++-------
Melee: Flail             |    80 |    82 |       |       |       ||   162
       Mace              |       |   137 |   331 |       |       ||   468
       Morningstar       |       |       |    66 |   914 |   208 ||  1188
Throw: Tomahawk          |       |       |     6 |     3 |       ||     9
  Use: Scroll            |       |       |    15 |    13 |     1 ||    29
       Potion            |       |       |       |     4 |     2 ||     6
  Eat: Chunk             |       |     7 |    11 |    34 |     4 ||    56
